 Dungeon Crawl Stone Soup version 0.20-a0-507-gc86f373 (webtiles) character file.

5047 Klosterheim the Cleaver (level 10, -7/81 HPs)
             Began as a Grey Draconian Fighter on Jan 21, 2017.
             Was a Believer of Hepliaklqana.
             Mangled by a two-headed ogre
             ... wielding a +0 giant club
              (11 damage)
             ... on level 8 of the Dungeon.
             The game lasted 00:21:31 (7993 turns).

Klosterheim the Cleaver (Grey Draconian Fighter)    Turns: 7993, Time: 00:21:33

Health: -7/81      AC: 14    Str: 19    XL:     10   Next: 30%
Magic:  10/10      EV: 15    Int:  9    God:    Hepliaklqana [**....]
Gold:   476        SH:  0    Dex: 13    Spells: 9/9 levels left

rFire    . . .     SeeInvis .   E - +0 battleaxe
rCold    . . .     Gourm    .   (armour unavailable)
rNeg     . . .     Faith    .   (shield currently unavailable)
rPois    .         Spirit   .   (helmet restricted)
rElec    .         Reflect  .   t - +0 cloak
rCorr    .         Harm     .   (no gloves)
MR       .....                  s - +0 pair of boots
Stlth    +.........             (no amulet)
Regen    0.3/turn               (no ring)
                                (no ring)

@: lethally poisoned (-7 -> -8)
A: walk through water, unfitting armour, reduced essence, unbreathing,
cold-blooded, AC +12
a: Recall Ancestor, Ancestor Identity, Renounce Religion


You were on level 8 of the Dungeon.
You worshipped Hepliaklqana.
Hepliaklqana was pleased with you.
You were hungry.

You visited 2 branches of the dungeon, and saw 9 of its levels.

You collected 476 gold pieces.

Inventory:

Hand Weapons
 E - a +0 battleaxe (weapon)
Armour
 s - a +0 pair of boots (worn)
 t - a +0 cloak (worn)
Wands
 f - a wand of random effects (29/48)
 l - a wand of lightning (0/15)
 r - a wand of lightning (3/15)
 v - a wand of disintegration (16/24)
 x - a wand of iceblast (6/15)
 C - a wand of iceblast (5/15)
Scrolls
 c - 3 scrolls of amnesia
 e - 2 scrolls of fog
 j - 5 scrolls of remove curse
 u - 3 scrolls of fear
 y - 2 scrolls of blinking
 B - a scroll of recharging
Potions
 a - a potion of lignification
 i - 2 potions of brilliance
 k - a potion of resistance
 m - 3 potions of flight
 o - 2 potions of cancellation
 p - 2 potions of magic
 q - a potion of mutation {unknown}
 w - a potion of degeneration {unknown}
Comestibles
 b - a royal jelly
 d - 6 bread rations
 A - 2 fruits


   Skills:
 + Level 9.4 Fighting
 * Level 11.8 Axes
 * Level 5.7 Dodging
   Level 3.0 Shields


You had 9 spell levels left.
You didn't know any spells.

Dungeon Overview and Level Annotations

Branches:
Dungeon (8/15)             Temple (1/1) D:5
   Lair: D:8-11

Altars:
Ashenzari
Cheibriados
Dithmenos
Elyvilon
Fedhas
Gozag
Hepliaklqana
Kikubaaqudgha
Makhleb
Nemelex Xobeh
Okawaru
Qazlal
Ru
Sif Muna
Trog
Uskayaw
Vehumet
Xom
Yredelemnul
Zin
The Shining One


Innate Abilities, Weirdness & Mutations

You can walk through water.
Your dull iron-grey scales are very hard. (AC +12)
You cannot fit into any form of body armour.
You can survive without breathing.
You are cold-blooded and may be slowed by cold attacks.
Your life essence is reduced. (-10% HP)


Message History

The killer bee stings you but does no damage. x2
The two-headed ogre hits you with a giant club!!
The two-headed ogre hits you but does no damage.
The killer bee stings you but does no damage.
The killer bee stings you.
The necrophage hits you but does no damage.
Okay, then.
Your magical effects are unravelling.
You feel magically purged.
You feel less wooden.
Your +0 cloak unmelds from your body.
Your +0 pair of boots unmelds from your body.
Your hearing returns.
The killer bee stings you but does no damage.
The killer bee completely misses you.
The killer bee stings you but does no damage.
The two-headed ogre hits you with a giant club!!
* * * LOW HITPOINT WARNING * * *
The two-headed ogre hits you with a giant spiked club!
You die...

.....##...##.....#
.....#....##.....#
.....+..).......)#
.....#...........#
.(...#...........#
..[..##...##.....#
#######...##.....#
#....##...##...n.#
..........#...oy@#
..........#...oyO#
..........#<..(.o#
##############)###
... ..... .......
....$...#
.........#


You could see a two-headed ogre, a necrophage, 2 killer bees and 3 orcs.

Vanquished Creatures
  Grinder (D:6)
  Grum (D:8)
  Menkaure (D:5)
  5 yaks (D:7)
  2 orc warriors (D:6)
  3 ice beasts
  A sky beast (D:6)
  3 wolves (D:8)
  A crocodile (D:8)
  3 big kobolds
  2 bullfrogs (D:6)
  2 scorpions
  6 wights
  15 killer bees
  4 howler monkeys
  A bullfrog zombie (D:6)
  5 crimson imps
  A quasit (D:7)
  3 jellies
  A centaur zombie (D:7)
  A hound (D:7)
  An orc priest (D:6)
  A bullfrog skeleton (D:8)
  A centaur skeleton (D:6)
  3 orc wizards
  Crazy Yiuf (D:5)
  An iguana (D:4)
  3 worker ants
  A hound zombie (D:7)
  A howler monkey zombie (D:5)
  4 gnolls
  7 adders
  A shadow imp (D:8)
  An ooze (D:1)
  An adder zombie (D:8)
  5 dart slugs
  2 worms
  A leopard gecko (D:5)
  20 orcs
  A bat skeleton (D:2)
  A bat zombie (D:2)
  6 giant cockroaches
  10 goblins
  10 hobgoblins
  12 jackals
  18 kobolds
  A quokka (D:6)
  3 ball pythons
  A ball python zombie (D:5)
  6 bats
  6 frilled lizards
  A giant cockroach zombie (D:6)
  3 hobgoblin zombies (D:5)
  A jackal skeleton (D:7)
  3 kobold skeletons (D:5)
  An orc skeleton (D:5)
  7 rats
208 creatures vanquished.

Vanquished Creatures (collateral kills)
  An ogre (D:8)
  A centaur (D:8)
  A killer bee (D:7)
  A wight (D:7)
  3 crimson imps
  An orc priest (D:7)
  3 worker ants
  4 gnolls
  3 adders
  A white imp (D:5)
  An adder zombie (D:8)
  A kobold (D:7)
21 creatures vanquished.

Vanquished Creatures (others)
  2 hexers (D:8)
  6 ancestors
  7 fungi (D:5)
15 creatures vanquished.

Grand Total: 244 creatures vanquished

Notes
Turn   | Place    | Note
-------+----------+-------------------------------------------
     0 | D:1      | Klosterheim the Draconian Fighter began the quest for the Orb.
     0 | D:1      | Reached XP level 1. HP: 19/19 MP: 1/1
    36 | D:1      | Reached XP level 2. HP: 18/26 MP: 2/2
   307 | D:1      | Reached skill level 3 in Axes
   563 | D:1      | Found a shimmering altar of Xom.
   565 | D:1      | Found a bloodstained altar of Trog.
   565 | D:1      | Found a glowing silver altar of Zin.
   569 | D:1      | Found an ancient bone altar of Kikubaaqudgha.
   569 | D:1      | Found a basalt altar of Yredelemnul.
   569 | D:1      | Found an opulent altar of Gozag.
   664 | D:1      | Reached XP level 3. HP: 29/31 MP: 3/3
   985 | D:2      | Reached XP level 4. HP: 40/40 MP: 4/4
  1154 | D:2      | Reached skill level 4 in Axes
  1351 | D:3      | Reached XP level 5. HP: 42/47 MP: 5/5
  2082 | D:4      | Reached skill level 5 in Axes
  2134 | D:4      | Found a bloodstained altar of Trog.
  2273 | D:4      | Reached XP level 6. HP: 46/55 MP: 6/6
  2539 | D:5      | Entered Level 5 of the Dungeon
  2539 | D:5      | Found a bloodstained altar of Trog.
  2545 | D:5      | Reached skill level 5 in Fighting
  2559 | D:5      | Noticed Menkaure
  2567 | D:5      | Killed Menkaure
  2567 | D:5      | Reached skill level 6 in Axes
  2825 | D:5      | Found a staircase to the Ecumenical Temple.
  2833 | Temple   | Entered the Ecumenical Temple
  2993 | Temple   | Became a worshipper of Hepliaklqana the Forgotten
  3151 | D:5      | Your scales start taking on a dull iron-grey colour.
  3151 | D:5      | Reached XP level 7. HP: 51/54 MP: 7/7
  3151 | D:5      | Gained mutation: You can survive without breathing. [Grey Draconian growth]
  3310 | D:5      | Reached skill level 7 in Axes
  3400 | D:5      | Found a shimmering altar of Xom.
  3403 | D:5      | Found a blossoming altar of Fedhas.
  3404 | D:5      | Found a basalt altar of Yredelemnul.
  3405 | D:5      | Found a shattered altar of Ashenzari.
  3405 | D:5      | Found a deep blue altar of Sif Muna.
  3405 | D:5      | Found a snail-covered altar of Cheibriados.
  3406 | D:5      | Found a stormy altar of Qazlal.
  3407 | D:5      | Found a white marble altar of Elyvilon.
  3408 | D:5      | Found an iron altar of Okawaru.
  3410 | D:5      | Found a burning altar of Makhleb.
  3564 | D:5      | Found a glowing golden altar of the Shining One.
  3826 | D:5      | Found a runed door.
  3838 | D:5      | Noticed Crazy Yiuf
  3843 | D:5      | Killed Crazy Yiuf
  4056 | D:6      | Found an opulent altar of Gozag.
  4075 | D:6      | Reached * piety under Hepliaklqana
  4512 | D:6      | Reached skill level 8 in Axes
  4513 | D:6      | Reached XP level 8. HP: 60/63 MP: 8/8
  4834 | D:6      | Noticed Grinder
  4850 | D:6      | Killed Grinder
  4850 | D:6      | Reached skill level 9 in Axes
  4851 | D:6      | Found an iron altar of Okawaru.
  5334 | D:7      | Reached skill level 10 in Axes
  5334 | D:7      | Reached XP level 9. HP: 29/72 MP: 9/9
  6567 | D:7      | Reached skill level 11 in Axes
  6987 | D:8      | Reached ** piety under Hepliaklqana
  6994 | D:8      | Remembered your ancestor Octavia as a hexer
  7101 | D:8      | Noticed Grum
  7125 | D:8      | Killed Grum
  7125 | D:8      | Reached XP level 10. HP: 34/81 MP: 10/10
  7393 | D:8      | Reached skill level 5 in Dodging
  7981 | D:8      | Noticed a two-headed ogre
  7993 | D:8      | HP: 4/81 [two-headed ogre/giant club (25)]
  7993 | D:8      | Mangled by a two-headed ogre

Vault maps used:
D:1:      saegor_arrival_under_anarchy, doesnt_xom_only_xom
D:2:      serial_undead, serial_undead_a, serial_undead_e, serial_undead_e,
          serial_undead_d, serial_undead_b, serial_undead_e
D:3:      minivault_14, wad_orctagon
D:4:      first_bread, serial_curves, eino_curves_04, eino_curves_04,
          trog_hazing_becter
D:5:      nicolae_tso_besieged_by_evil, minitemple, serial_aquarium,
          aquarium_bridge_long_separate, aquarium_window_2,
          aquarium_window_fake, aquarium_window_corner, aquarium_view_2e,
          aquarium_balcony_1b, aquarium_pool_double, basic_altar, uniq_menkaure,
          uniq_crazy_yiuf_cottage
D:6:      grunt_gozag_breadcrumbs, dk_noncrumbling_4, okawaru_metal_pillars_1_2,
          uniq_grinder
D:8:      uniq_grum
Temple:   nicolae_temple_figure_zero

Skill      XL: |  1  2  3  4  5  6  7  8  9 10 |
---------------+-------------------------------+-----
Axes           | 3 4 5 6 8 10 11 | 11.8
Fighting       | 4 5 6 7 9 |  9.4
Dodging        | 4 5 |  5.7
Shields        | |  3.0

Action                   |  1- 3 |  4- 6 |  7- 9 | 10-12 || total
-------------------------+-------+-------+-------+-------++-------
Melee: War axe           |    86 |   131 |   120 |       ||   337
       Tailslap          |     7 |    15 |    40 |    10 ||    72
       Battleaxe         |       |       |   198 |    98 ||   296
Invok: Recall Ancestor   |       |     1 |       |       ||     1
       Ancestor Identity |       |     1 |       |       ||     1
       Ancestor Life: He |       |       |     1 |       ||     1
Evoke: Wand              |       |       |     3 |     3 ||     6
  Use: Scroll            |       |     6 |    11 |     3 ||    20
       Potion            |       |     1 |     6 |     2 ||     9
 Stab: Sleeping          |     1 |       |     1 |       ||     2
       Invisible         |       |       |     2 |       ||     2
  Eat: Chunk             |       |     5 |    11 |     2 ||    18
       Fruit             |       |     1 |     2 |       ||     3
       Royal jelly       |       |     1 |       |       ||     1
Armor: Skin              |    36 |    35 |   142 |    70 ||   283
Dodge: Dodged            |    55 |    60 |   263 |   130 ||   508
Block: Shield            |    55 |    78 |    51 |       ||   184
